TL
EL PASO CHIHUAHUAS @ EL PASO SUN KINGS
08/13/1982
 
TOP OF THE 1ST
El Paso Chihuahuas batting - Pitching for El Paso Sun Kings : LHP Michael Tulacz
Pitching: LHP Michael Tulacz
Batting: RHB Steven Murray 0-0: Ball
1-0: Ball
2-0: Ball
3-0: Swinging Strike
3-1: Base on Balls
Batting: LHB Andy Van Slyke 0-0: Ball
1-0: Ball
2-0: Foul Ball, location: 2F
2-1: SINGLE (Line Drive, 56, EV 93.8 MPH)
Steven Murray to second
Batting: RHB Jesse Vann 0-0: Ball
1-0: Swinging Strike
1-1: Swinging Strike
1-2: Foul Ball, location: 2F
1-2: Ball
2-2: Foul Ball, location: 2F
2-2: Foul Ball, location: 2F
2-2: Grounds into double play, 6-4-3 (Groundball, 56D, EV 80.6 MPH)
Steven Murray to third
Batting: LHB Dan Murphy 0-0: Fly out, F9 (Flyball, 9, EV 90.0 MPH)
Top of the 1st over - 0 runs, 1 hit, 0 errors, 1 left on base; El Paso 0 - El Paso 0
BOTTOM OF THE 1ST
El Paso Sun Kings batting - Pitching for El Paso Chihuahuas : RHP Dale Brown
Pitching: RHP Dale Brown
Batting: SHB Keith Thrower 0-0: Ball
1-0: Foul Ball, location: 2F
1-1: SINGLE (Line Drive, 34D, EV 94.4 MPH)
Batting: RHB Chuckie Canady 0-0: Ball
1-0: Fly out, F9 (Flyball, 9S, EV 85.6 MPH)
Batting: LHB Kevin Knuth 0-0: Foul Ball, location: 2F
0-1: Ball
1-1: Ball
2-1: Ball
3-1: Base on Balls
Keith Thrower to second
Batting: RHB Jon Hansen 0-0: Ball
1-0: Ball
2-0: Foul Ball, location: 2F
2-1: Swinging Strike
2-2: Ball
3-2: Base on Balls
Keith Thrower to third
Kevin Knuth to second
Batting: LHB Stanley Hendrickson 0-0: Ball
1-0: Foul Ball, location: 2F
1-1: Fly out, F8 (Flyball, 8RD, EV 82.5 MPH)
Runner from 3rd tags up, SCORES, throw by CF
Kevin Knuth to third
Batting: RHB Danny Ramires 0-0: SINGLE (Groundball, 56D, EV 101.9 MPH)
Kevin Knuth scores
Jon Hansen to second
Runner from 2nd tries for 3rd, SAFE, no throw by LF
Batting: SHB Danny Torres 0-0: Ball
1-0: Ball
2-0: Foul Ball, location: 2F
2-1: SINGLE (Line Drive, 6MD, EV 105.0 MPH)
Jon Hansen scores
Danny Ramires to second
Batting: RHB Cecil Strawn 0-0: Foul Ball, location: 2F
0-1: Ball
1-1: SINGLE (Line Drive, 89M, EV 98.1 MPH)
Danny Ramires to third
Danny Torres to second
Runner from 3rd tries for Home, SAFE, throw by RF to home
Danny Torres to third
Cecil Strawn to second
Batting: RHB Carlos Rios 0-0: Called Strike
0-1: Ball
1-1: Ground out 6-3 (Groundball, 6S, EV 93.8 MPH)
Bottom of the 1st over - 4 runs, 4 hits, 0 errors, 2 left on base; El Paso 0 - El Paso 4
TOP OF THE 2ND
El Paso Chihuahuas batting - Pitching for El Paso Sun Kings : LHP Michael Tulacz
Batting: RHB Tom Roarke 0-0: Ball
1-0: Ball
2-0: Called Strike
2-1: Ball
3-1: Base on Balls
Batting: RHB Leo George 0-0: Ball
1-0: Ball
2-0: Ball
3-0: Called Strike
3-1: Base on Balls
Tom Roarke to second
Batting: RHB Stine Poole 0-0: SINGLE (Line Drive, 89M, EV 93.1 MPH)
Tom Roarke to third
Leo George to second
Batting: RHB William Parmenter 0-0: Called Strike
0-1: Ball
1-1: SINGLE (Groundball, 13, EV 83.8 MPH) (infield hit)
Tom Roarke scores
Leo George to third
Stine Poole to second
Batting: RHB Cliff Wherry 0-0: Ball
1-0: Ball
2-0: Ball
3-0: Called Strike
3-1: Called Strike
3-2: Strikes out swinging
Batting: RHB Steven Murray 0-0: Fielders Choice at 2nd, 3-6 (Groundball, 3, EV 82.5 MPH)
Leo George scores
Stine Poole to third
Batting: LHB Andy Van Slyke 0-0: Called Strike
0-1: Ball
1-1: Ball
2-1: Called Strike
2-2: Foul Ball, location: 2F
2-2: Foul Ball, location: 2F
2-2: Foul Ball, location: 2F
2-2: Ball
3-2: Base on Balls
Steven Murray to second
Batting: RHB Jesse Vann 0-0: Called Strike
0-1: Ball
1-1: Called Strike
1-2: Ball
2-2: Foul Ball, location: 2F
2-2: Ground out 5-3 (Groundball, 56, EV 103.1 MPH)
Top of the 2nd over - 2 runs, 2 hits, 0 errors, 3 left on base; El Paso 2 - El Paso 4
BOTTOM OF THE 2ND
El Paso Sun Kings batting - Pitching for El Paso Chihuahuas : RHP Dale Brown
Batting: SHB Keith Thrower 0-0: Swinging Strike
0-1: Called Strike
0-2: Foul Ball, location: 2F
0-2: Ball
1-2: Ground out 6-3 (Groundball, 56, EV 80.6 MPH)
Batting: RHB Chuckie Canady 0-0: Ball
1-0: Ball
2-0: Swinging Strike
2-1: Swinging Strike
2-2: Foul Ball, location: 2F
2-2: Strikes out looking
Batting: LHB Kevin Knuth 0-0: Called Strike
0-1: Ball
1-1: Ball
2-1: Ball
3-1: Fly out, F5 (Popup, 5SF, EV 69.4 MPH)
Bottom of the 2nd over - 0 runs, 0 hits, 0 errors, 0 left on base; El Paso 2 - El Paso 4
TOP OF THE 3RD
El Paso Chihuahuas batting - Pitching for El Paso Sun Kings : LHP Michael Tulacz
Batting: LHB Dan Murphy 0-0: Foul Ball, location: 2F
0-1: Called Strike
0-2: Strikes out swinging
Batting: RHB Tom Roarke 0-0: Called Strike
0-1: Called Strike
0-2: Ball
1-2: Fly out, F6 (Line Drive, 6, EV 67.5 MPH)
Batting: RHB Leo George 0-0: Fly out, F8 (Flyball, 8RD, EV 93.1 MPH)
Top of the 3rd over - 0 runs, 0 hits, 0 errors, 0 left on base; El Paso 2 - El Paso 4
BOTTOM OF THE 3RD
El Paso Sun Kings batting - Pitching for El Paso Chihuahuas : RHP Dale Brown
Batting: RHB Jon Hansen 0-0: Ball
1-0: Foul Ball, location: 2F
1-1: Foul Ball, location: 2F
1-2: Strikes out swinging
Batting: LHB Stanley Hendrickson 0-0: Foul Ball, location: 2F
0-1: Foul Ball, location: 2F
0-2: Foul Ball, location: 2F
0-2: Fly out, F8 (Flyball, 8RXD, EV 95.6 MPH)
Batting: RHB Danny Ramires 0-0: Ball
1-0: Swinging Strike
1-1: Ground out 6-3 (Groundball, 6M, EV 90.0 MPH)
Bottom of the 3rd over - 0 runs, 0 hits, 0 errors, 0 left on base; El Paso 2 - El Paso 4
TOP OF THE 4TH
El Paso Chihuahuas batting - Pitching for El Paso Sun Kings : LHP Michael Tulacz
Batting: RHB Stine Poole 0-0: SINGLE (Line Drive, 9S, EV 102.5 MPH)
Batting: RHB William Parmenter 0-0: Ball
1-0: Foul Ball, location: 2F
1-1: Grounds into double play, 6-4-3 (Groundball, 6, EV 101.3 MPH)
Batting: RHB Cliff Wherry 0-0: Called Strike
0-1: Called Strike
0-2: Ground out 6-3 (Groundball, 6S, EV 87.5 MPH)
Top of the 4th over - 0 runs, 1 hit, 0 errors, 0 left on base; El Paso 2 - El Paso 4
BOTTOM OF THE 4TH
El Paso Sun Kings batting - Pitching for El Paso Chihuahuas : RHP Dale Brown
Batting: SHB Danny Torres 0-0: Ball
1-0: Foul Ball, location: 2F
1-1: Ball
2-1: Fly out, F8 (Flyball, 78D, EV 100.0 MPH)
Batting: RHB Cecil Strawn 0-0: Ball
1-0: Foul Ball, location: 2F
1-1: Ball
2-1: Ball
3-1: Called Strike
3-2: DOUBLE (Line Drive, 9LM, EV 106.3 MPH)
Batting: RHB Carlos Rios 0-0: Called Strike
0-1: Ball
1-1: Ball
2-1: Ground out 6-3 (Groundball, 6S, EV 77.5 MPH)
Batting: SHB Keith Thrower 0-0: Called Strike
0-1: Ball
1-1: Ball
2-1: Fly out, F8 (Line Drive, 8RD, EV 85.0 MPH)
Bottom of the 4th over - 0 runs, 1 hit, 0 errors, 1 left on base; El Paso 2 - El Paso 4
TOP OF THE 5TH
El Paso Chihuahuas batting - Pitching for El Paso Sun Kings : LHP Michael Tulacz
Batting: RHB Steven Murray 0-0: Called Strike
0-1: Swinging Strike
0-2: Ball
1-2: Ball
2-2: Ball
3-2: Base on Balls
Batting: LHB Andy Van Slyke 0-0: Ball
1-0: Foul Ball, location: 2F
1-1: Ball
2-1: DOUBLE (Flyball, 8LXD, EV 98.1 MPH)
Steven Murray to third
Batting: RHB Jesse Vann 0-0: Called Strike
0-1: Foul Ball, location: 2F
0-2: Ball
1-2: Strikes out swinging
Batting: LHB Dan Murphy 0-0: Ball
1-0: Fly out, F8 (Flyball, 8RXD, EV 96.9 MPH)
Runner from 3rd tags up, SCORES, no throw by CF
Batting: RHB Tom Roarke 0-0: Called Strike
0-1: Fly out, F9 (Line Drive, 9D, EV 90.6 MPH)
Top of the 5th over - 1 run, 1 hit, 0 errors, 1 left on base; El Paso 3 - El Paso 4
BOTTOM OF THE 5TH
El Paso Sun Kings batting - Pitching for El Paso Chihuahuas : RHP Dale Brown
Batting: RHB Chuckie Canady 0-0: Called Strike
0-1: Ball
1-1: Ball
2-1: Swinging Strike
2-2: Foul Ball, location: 2F
2-2: Ball
3-2: Fly out, F9 (Line Drive, 9D, EV 88.1 MPH)
Batting: LHB Kevin Knuth 0-0: Called Strike
0-1: Fly out, F7 (Line Drive, 7, EV 94.4 MPH)
Batting: RHB Jon Hansen 0-0: Called Strike
0-1: Swinging Strike
0-2: Foul Ball, location: 2F
0-2: Ball
1-2: Ball
2-2: Ball
3-2: Foul Ball, location: 2F
3-2: Foul Ball, location: 2F
3-2: Strikes out swinging
Bottom of the 5th over - 0 runs, 0 hits, 0 errors, 0 left on base; El Paso 3 - El Paso 4
TOP OF THE 6TH
El Paso Chihuahuas batting - Pitching for El Paso Sun Kings : LHP Michael Tulacz
Batting: RHB Leo George 0-0: Called Strike
0-1: Fly out, F7 (Line Drive, 7, EV 92.5 MPH)
Batting: RHB Stine Poole 0-0: Swinging Strike
0-1: SINGLE (Flyball, 9S, EV 90.6 MPH)
Batting: RHB William Parmenter 0-0: Ball
1-0: Ball
2-0: Ball
3-0: Base on Balls
Stine Poole to second
Batting: RHB Cliff Wherry 0-0: Ball
1-0: Ball
2-0: Called Strike
2-1: Ball
3-1: Fly out, F6 (Line Drive, 6, EV 64.4 MPH)
Batting: RHB Steven Murray 0-0: SINGLE (Line Drive, 89M, EV 111.9 MPH)
Stine Poole to third
William Parmenter to second
Batting: LHB Andy Van Slyke 0-0: Fly out, F8 (Flyball, 78XD, EV 95.0 MPH)
Top of the 6th over - 0 runs, 2 hits, 0 errors, 3 left on base; El Paso 3 - El Paso 4
BOTTOM OF THE 6TH
El Paso Sun Kings batting - Pitching for El Paso Chihuahuas : RHP Dale Brown
Batting: LHB Stanley Hendrickson 0-0: Ball
1-0: Called Strike
1-1: Ball
2-1: Hit by Pitch
Batting: RHB Danny Ramires 0-0: Bunt missed!
0-1: Ball
Stanley Hendrickson is caught stealing 2nd base 2-4
1-1: Foul Ball, location: 2F
1-2: Ball
2-2: SINGLE (Groundball, 56, EV 90.6 MPH) (infield hit)
Batting: SHB Danny Torres 0-0: Ball
1-0: Called Strike
1-1: Fly out, F7 (Flyball, 7S, EV 76.3 MPH)
Batting: RHB Cecil Strawn 0-0: Called Strike
0-1: Fly out, F9 (Flyball, 89S, EV 90.0 MPH)
Bottom of the 6th over - 0 runs, 1 hit, 0 errors, 1 left on base; El Paso 3 - El Paso 4
TOP OF THE 7TH
El Paso Chihuahuas batting - Pitching for El Paso Sun Kings : LHP Michael Tulacz
Batting: RHB Jesse Vann 0-0: Called Strike
0-1: Ball
1-1: Foul Ball, location: 2F
1-2: Ball
2-2: Ball
3-2: Fly out, F9 (Line Drive, 9D, EV 95.0 MPH)
Pitching: RHP Charles Belk
Batting: LHB Dan Murphy 0-0: Foul Ball, location: 2F
0-1: Ball
1-1: DOUBLE (Line Drive, 9LM, EV 105.0 MPH)
Batting: RHB Tom Roarke 0-0: Swinging Strike
0-1: Fly out, F8 (Flyball, 8RM, EV 88.1 MPH)
Pinch Hitting: LHB Jerry Littmann 0-0: Ball
1-0: Called Strike
1-1: Ball
2-1: Called Strike
2-2: Foul Ball, location: 2F
2-2: Ball
3-2: Base on Balls
Batting: LHB Matthew Vejar 0-0: Fly out, F8 (Line Drive, 8RXD, EV 104.4 MPH)
Top of the 7th over - 0 runs, 1 hit, 0 errors, 2 left on base; El Paso 3 - El Paso 4
BOTTOM OF THE 7TH
El Paso Sun Kings batting - Pitching for El Paso Chihuahuas : RHP Dale Brown
Now in CF: Jerry Littmann
Batting: RHB Carlos Rios 0-0: Called Strike
0-1: Called Strike
0-2: Foul Ball, location: 2F
0-2: Ground out 6-3 (Groundball, 6, EV 90.0 MPH)
Batting: SHB Keith Thrower 0-0: Ball
1-0: Ball
2-0: Called Strike
2-1: Swinging Strike
2-2: Ground out 6-3 (Groundball, 6, EV 84.4 MPH)
Batting: RHB Chuckie Canady 0-0: Called Strike
0-1: Ball
1-1: Ball
2-1: Foul Ball, location: 2F
2-2: Strikes out swinging
Bottom of the 7th over - 0 runs, 0 hits, 0 errors, 0 left on base; El Paso 3 - El Paso 4
TOP OF THE 8TH
El Paso Chihuahuas batting - Pitching for El Paso Sun Kings : RHP Charles Belk
Batting: RHB William Parmenter 0-0: Ball
1-0: Ball
2-0: Fly out, F7 (Flyball, 7S, EV 83.1 MPH)
Batting: RHB Cliff Wherry 0-0: Foul Ball, location: 2F
0-1: Called Strike
0-2: Ball
1-2: Foul Ball, location: 2F
1-2: Foul Ball, location: 2F
1-2: Fly out, F7 (Flyball, 7S, EV 91.3 MPH)
Batting: RHB Steven Murray 0-0: Ball
1-0: Called Strike
1-1: Ball
2-1: Ball
3-1: Base on Balls
Pitching: LHP Michael Shoaf
Batting: LHB Andy Van Slyke 0-0: Called Strike
0-1: Ball
1-1: Ball
2-1: Fly out, F8 (Flyball, 8RS, EV 77.5 MPH)
Top of the 8th over - 0 runs, 0 hits, 0 errors, 1 left on base; El Paso 3 - El Paso 4
BOTTOM OF THE 8TH
El Paso Sun Kings batting - Pitching for El Paso Chihuahuas : RHP Dale Brown
Batting: LHB Kevin Knuth 0-0: Called Strike
0-1: Ball
1-1: Swinging Strike
1-2: Strikes out swinging
Batting: RHB Jon Hansen 0-0: Ground out 1-3 (Groundball, 13S, EV 70.0 MPH)
Batting: LHB Stanley Hendrickson 0-0: Called Strike
0-1: Called Strike
0-2: Strikes out swinging
Bottom of the 8th over - 0 runs, 0 hits, 0 errors, 0 left on base; El Paso 3 - El Paso 4
TOP OF THE 9TH
El Paso Chihuahuas batting - Pitching for El Paso Sun Kings : LHP Michael Shoaf
Pitching: RHP Dave Shipanoff
Now at 1B: Gary Bishop
Batting: RHB Jesse Vann 0-0: Called Strike
0-1: Swinging Strike
0-2: Strikes out swinging
Batting: LHB Dan Murphy 0-0: Called Strike
0-1: Called Strike
0-2: Ball
1-2: Ball
2-2: Ball
3-2: Strikes out swinging
Batting: RHB Tom Roarke 0-0: Ball
1-0: Ball
2-0: SOLO HOME RUN (Flyball, 7D, EV 99.4 MPH), Distance : 357 ft
Batting: LHB Jerry Littmann 0-0: Called Strike
0-1: Ball
1-1: Ball
2-1: Ball
3-1: Base on Balls
Batting: LHB Matthew Vejar 0-0: Ball
1-0: Called Strike
1-1: Ball
2-1: Foul Ball, location: 2F
2-2: Ball
3-2: Base on Balls
Jerry Littmann to second
Batting: RHB William Parmenter 0-0: Ball
1-0: Swinging Strike
1-1: Foul Ball, location: 2F
1-2: Strikes out swinging
Top of the 9th over - 1 run, 1 hit, 0 errors, 2 left on base; El Paso 4 - El Paso 4
BOTTOM OF THE 9TH
El Paso Sun Kings batting - Pitching for El Paso Chihuahuas : RHP Dale Brown
Batting: RHB Danny Ramires 0-0: Called Strike
0-1: Ball
1-1: Ball
2-1: Called Strike
2-2: Foul Ball, location: 2F
2-2: Foul Ball, location: 2F
2-2: Ball
3-2: Foul Ball, location: 2F
3-2: Base on Balls
Batting: SHB Danny Torres 0-0: Bunt missed!
0-1: Ball
1-1: Sac Bunt to P - play at first, batter OUT! 1-4
Danny Ramires to second
Batting: RHB Cecil Strawn 0-0: Intentional Walk
Pinch Hitting: RHB Jimmy Waugh 0-0: SINGLE (Flyball, 89S, EV 93.8 MPH)
Danny Ramires to third
Cecil Strawn to second
Runner from 3rd tries for Home, SAFE, throw by RF to home
Bottom of the 9th over - 1 run, 1 hit, 0 errors, 0 left on base; El Paso 4 - El Paso 5
Friday, August 21st, 2020 - OOTP Baseball 21.5 Build 76